 Dungeon Crawl Stone Soup version 0.18-a0-1036-g7ac1859 (webtiles) character file.

25 sugabear the Ruffian (level 2, -3/23 HPs)
             Began as a Draconian Transmuter on Jan 9, 2016.
             Killed from afar by Sigmund (8 damage)
             ... with a magic dart
             ... on level 2 of the Dungeon.
             The game lasted 00:01:24 (652 turns).

sugabear the Ruffian (Draconian Transmuter)          Turns: 652, Time: 00:01:25

Health: -3/23      AC:  4    Str: 12    XL:     2   Next: 86%
Magic:  5/5        EV: 12    Int: 13    God:
Gold:   51         SH:  0    Dex: 11    Spells: 1 memorised, 4 levels left

rFire  . . .     SeeInvis .       - Unarmed
rCold  . . .     Gourm    .     (armour unavailable)
rNeg   . . .     Faith    .     (no shield)
rPois  .         Spirit   .     (helmet restricted)
rElec  .         Dismiss  .     (no cloak)
rCorr  .         Reflect  .     (no gloves)
SustAt .         Harm     .     (no boots)
MR     .....                    (no amulet)
Stlth  +.........               (no ring)
                                (no ring)

@: confused, lethally poisoned (-3 -> -9), not resistant to hostile
enchantments, very unstealthy
A: unfitting armour, cold-blooded, AC +4
a: no special abilities


You were on level 2 of the Dungeon.
You were not hungry.

You visited 1 branch of the dungeon, and saw 2 of its levels.

You collected 51 gold pieces.

Inventory:

Scrolls
 d - a scroll of immolation {unknown}
 e - a scroll of fog {unknown}
 f - a scroll of remove curse {unknown}
 g - a scroll of teleportation {unknown}
 k - a scroll of identify {unknown}
Potions
 h - a potion of agility {unknown}
 i - a potion of curing {unknown}
 j - a potion of brilliance {unknown}
Books
 b - a book of Changes

   Spells                             Type                      Level
   a - Beastly Appendage              Transmutation                1
   b - Sticks to Snakes               Transmutation                2
   c - Spider Form                    Transmutation/Poison         3
   d - Ice Form                       Ice/Transmutation            4
   e - Blade Hands                    Transmutation                5
Comestibles
 a - a chunk of flesh
 c - 2 bread rations
 l - 5 fruits


   Skills:
 + Level 1.1 Fighting
 + Level 2.1 Dodging
 + Level 3.5 Unarmed Combat
 + Level 2.2 Spellcasting
 + Level 2.2 Transmutations


You had 4 spell levels left.
You knew the following spells:

 Your Spells              Type           Power        Failure   Level  Hunger
a - Beastly Appendage     Trmt           #.....       12%         1    ##.....


Dungeon Overview and Level Annotations

Branches:
Dungeon (2/15)

Altars:
Makhleb
Nemelex Xobeh

Annotations:
D:2 Sigmund


Innate Abilities, Weirdness & Mutations

Your plain brown scales are hard (AC +4).
Your body does not fit into most forms of armour.
You are cold-blooded and may be slowed by cold attacks.


Message History

You are confused.
The adder closely misses you. The giant cockroach closely misses you.
You miss the adder. The adder barely misses you. Sigmund casts a spell at you.
The magic dart hits you! The giant cockroach barely misses you.
You bump into the rock wall.
The adder bites you.
You are lethally poisoned!
The adder poisons you!
Sigmund zaps a wand.
You are more confused.
The giant cockroach closely misses you. The adder bites you but does no damage.
* * * LOW HITPOINT WARNING * * *
You feel sick. The giant cockroach closely misses you.
The adder closely misses you.
Unknown command.
The giant cockroach bites you.
* * * LOW HITPOINT WARNING * * *
The adder barely misses you. Sigmund gestures at you while chanting.
The magic dart hits you!
You die...

............. #._ .....
..... #.. #..##...# # ##.
#######.....##.# ##
#.##..w.#.##...# #
.######.#..##@.....# )
..................###
#########..####.S.#...♣
.......'....#..@s.#..##
.......'......#.....+#
.....(.'.....##.##.##
########.....#..#.♣#
#.........#..######
#.......##...♣#.._#
#......#...#<.##..#
#######.....(#.###...'#.#
+..... #........#.##..#
#....#####......


You could see Sigmund, a worm, an adder and a giant cockroach.

Vanquished Creatures
  3 bats
  5 giant cockroaches
  4 goblins
  A hobgoblin (D:1)
  A quokka (D:2)
  A giant newt (D:2)
  4 kobolds
  6 rats (D:1)
25 creatures vanquished.

Notes
Turn   | Place    | Note
--------------------------------------------------------------
     0 | D:1      | sugabear the Draconian Transmuter began the quest for the Orb.
     0 | D:1      | Reached XP level 1. HP: 16/16 MP: 3/3
   190 | D:1      | Reached XP level 2. HP: 23/23 MP: 5/5
   510 | D:2      | Found a burning altar of Makhleb.
   568 | D:2      | Found a sparkling altar of Nemelex Xobeh.
   639 | D:2      | Noticed Sigmund
   652 | D:2      | Killed from afar by Sigmund

Vault maps used:
D:1:      evilmike_arrival_fibonacci_small
D:2:      nicolae_overflow_quartered_altars, kennysheep_cross_bottleneck,
          wad_floor_pattern_2, bloody_makhleb, uniq_sigmund

Action                   || total
-------------------------++-------
Melee: Unarmed           ||    78
 Cast: Beastly Appendage ||     3
 Stab: Sleeping          ||     2
